 Dungeon Crawl Stone Soup version 0.21.1-1-g345015f (webtiles) character file.

361 shakethe the Cudgeler (level 6, -1/35 HPs)
             Began as a Gargoyle Hunter on Feb 10, 2018.
             Slain by a hound (4 damage)
             ... on level 4 of the Dungeon.
             The game lasted 00:13:22 (4053 turns).

shakethe the Cudgeler (Gargoyle Hunter)             Turns: 4053, Time: 00:13:23

Health: -1/35      AC: 11    Str: 16    XL:     6   Next: 66%
Magic:  6/6        EV:  9    Int: 11    God:
Gold:   286        SH:  0    Dex: 12    Spells: 5/5 levels left

rFire    . . .     SeeInvis .   b - +0 mace
rCold    . . .     Gourm    .   (no shield)
rNeg     + + .     Faith    .   w - +0 scale mail
rPois    ∞         Spirit   .   i - +0 helmet
rElec    +         Reflect  .   (no cloak)
rCorr    +         Harm     .   (no gloves)
MR       .....                  (no boots)
Stlth    ..........             (no amulet)
HPRegen  0.11/turn              g - ring of positive energy {rN+}
MPRegen  0.10/turn              e - ring of resist corrosion

@: very slow
A: negative energy resistance 1, electricity resistance, unbreathing,
petrification resistance, rot immunity, AC +4
a: no special abilities


You were on level 4 of the Dungeon.
You were not hungry.

You visited 1 branch of the dungeon, and saw 4 of its levels.

You collected 286 gold pieces.

Inventory:

Hand Weapons
 a - a +1 shortbow
 b - a +0 mace (weapon)
   (You found it on level 1 of the Dungeon)
Missiles
 d - 52 arrows (quivered)
 A - 9 poisoned needles
Armour
 c - a +0 leather armour
 i - a +0 helmet (worn)
   (You found it on level 1 of the Dungeon)
 v - a +0 plate armour
   (You found it on level 3 of the Dungeon)
 w - a +0 scale mail (worn)
   (You found it on level 3 of the Dungeon)
 x - a +0 buckler
   (You found it on level 3 of the Dungeon)
 z - a +0 cloak
   (You found it on level 4 of the Dungeon)
Jewellery
 e - a ring of resist corrosion (right hand)
   (You found it on level 1 of the Dungeon)
 g - a ring of positive energy (left hand) {rN+}
   (You found it on level 1 of the Dungeon)
 r - a +2 ring of slaying {unknown}
   (You found it on level 3 of the Dungeon)
 y - an uncursed ring of protection from fire {unknown}
   (You found it on level 4 of the Dungeon)
Scrolls
 h - a scroll of fear {unknown}
 j - a scroll of teleportation {unknown}
 k - 5 scrolls of identify {unknown}
 n - a scroll of enchant weapon {unknown}
 o - 2 scrolls of fog {unknown}
 p - 3 scrolls of remove curse {unknown}
 s - a scroll of noise {unknown}
Potions
 l - 3 potions of lignification {unknown}
 m - 2 potions of might {unknown}
 q - 3 potions of curing {unknown}
 t - a potion of heal wounds {unknown}
 u - a potion of invisibility {unknown}
 B - a potion of ambrosia {unknown}
Comestibles
 f - 5 rations


   Skills:
 - Level 2.2 Fighting
 + Level 5.7 Maces & Flails
 - Level 4.0 Bows
 - Level 1.6 Dodging
 - Level 1.2 Stealth
 + Level 2.8 Shields


You had 5 spell levels left.
You didn't know any spells.

Dungeon Overview and Level Annotations

Branches:
Dungeon (4/15)
 Temple: D:4-7

Altars:

Annotations:
D:4 shakethe's ghost, amateur GrGl


Innate Abilities, Weirdness & Mutations

You are resistant to torment.
Your stone body is resilient. (AC +4)
You are immune to poison.
You resist negative energy. (rN+)
You are resistant to electric shocks. (rElec)
You can survive without breathing.
You are immune to petrification.
You are immune to rotting.


Message History

The hound bites you but does no damage. The hound bites you but does no damage.
The hound bites you.
You take 1 damage, and have 13/35 hp.
The hound bites you but does no damage.
Shakethe's ghost ripples.
The hound bites you but does no damage.
Shakethe's ghost wails, "You will never get the ORB!"
The hound bites you but does no damage.
The hound pauses to sniff the ground.
Shakethe's ghost says, "Try not to bleed too much."
The hound misses you. The hound bites you but does no damage.
Found a stone staircase leading down.
The hound bites you but does no damage.
The hound stops to sniff the ground.
The hound bites you.
You take 1 damage, and have 13/35 hp.
The hound bites you.
You take 2 damage, and have 11/35 hp.
The hound barely misses you. The hound bites you but does no damage.
There is a stone staircase leading down here.
The hound closely misses you. The hound bites you but does no damage.
The hound closely misses you.
You see here 17 gold pieces.
You enter the shallow water.
Moving in this stuff is going to be slow.
A rat comes into view.
The hound bites you.
* * * LOW HITPOINT WARNING * * *
The hound bites you but does no damage.
You take 3 damage, and have 9/35 hp.
The hound barely misses you.
You enter the shallow water.
Moving in this stuff is going to be slow.
The rat completely misses you. The hound barely misses you.
Your unstable footing causes you to fumble your attack.
The rat bites you but does no damage. The hound bites you but does no damage.
The rat splashes around in the water.
Your unstable footing causes you to fumble your attack.
The hound bites you.
* * * LOW HITPOINT WARNING * * *
The hound misses you. The rat closely misses you.
You take 2 damage, and have 7/35 hp.
You hit the rat.
You kill the rat!
The hound barely misses you. The hound bites you but does no damage.
The hound bites you but does no damage.
You see here a rat corpse.
The hound bites you but does no damage. The hound bites you but does no damage.
A leopard gecko comes into view.
The leopard gecko hisses angrily.
The hound splashes around in the water.
The leopard gecko bites you but does no damage.
The hound barely misses you. The leopard gecko bites you.
* * * LOW HITPOINT WARNING * * *
You barely miss the leopard gecko. The hound bites you but does no damage.
The leopard gecko bites you but does no damage.
The hound splashes around in the water.
You take 1 damage, and have 7/35 hp.
Your unstable footing causes you to fumble your attack.
The hound splashes around in the water.
The leopard gecko bites you.
* * * LOW HITPOINT WARNING * * *
The hound bites you but does no damage.
You hit the leopard gecko but do no damage.
The leopard gecko bites you.
* * * LOW HITPOINT WARNING * * *
The hound splashes around in the water.
The leopard gecko barely misses you.
Your unstable footing causes you to fumble your attack.
The hound barely misses you. The leopard gecko closely misses you.
The hound splashes around in the water.
Your unstable footing causes you to fumble your attack.
The leopard gecko bites you.
* * * LOW HITPOINT WARNING * * *
The hound closely misses you.
The leopard gecko bites you but does no damage.
The hound misses you.
Your unstable footing causes you to fumble your attack.
The hound barely misses you. The leopard gecko closely misses you.
A leopard gecko comes into view.
Your unstable footing causes you to fumble your attack.
The leopard gecko hisses angrily.
The hound splashes around in the water.
The leopard gecko closely misses you. The hound bites you but does no damage.
You hit the leopard gecko.
The hound splashes around in the water.
The leopard gecko bites you but does no damage.
The hound bites you but does no damage.
The leopard gecko bites you but does no damage.
You closely miss the leopard gecko. The hound closely misses you.
The leopard gecko bites you but does no damage.
Your unstable footing causes you to fumble your attack.
The hound bites you but does no damage.
Shakethe's ghost says, "Try not to bleed too much."
The leopard gecko closely misses you. The hound closely misses you.
You barely miss the leopard gecko. The leopard gecko barely misses you.
The hound bites you but does no damage. The hound bites you.
You die...

#.## ##....####.. #≈#
#?#### #.? #≈# #...#
#.. #.# #.#.# #.. #≈#
#.#.# #.. #†# #.#.#
#.. #≈# #.#.# ###
#≈#######≈#.#.# #
##Wh@ll≈.##.#.####...
#########..[........
#W#)##.#.....
####.#.##.# 8...
#....#.##.# ... #
#.......#.....
#.#...)...#...o.
#.........#.8.o.
###.##.##.#..oo.


You could see a hound, shakethe's ghost and 2 leopard geckos.

Vanquished Creatures
  A howler monkey (D:4)
  2 hounds
  An orc wizard (D:4)
  An orc priest (D:4)
  An iguana (D:4)
  2 adders (D:2)
  3 gnolls (D:3)
  3 oozes
  3 worms
  2 dart slugs
  4 leopard geckos
  11 orcs
  3 giant cockroaches
  9 goblins
  10 hobgoblins
  7 jackals
  A quokka (D:3)
  2 ball pythons
  5 bats
  5 frilled lizards
  5 kobolds
  16 rats
97 creatures vanquished.

Notes
Turn   | Place    | Note
-------+----------+-------------------------------------------
     0 | D:1      | shakethe the Gargoyle Hunter began the quest for the Orb.
     0 | D:1      | Reached XP level 1. HP: 12/12 MP: 1/1
   318 | D:1      | Reached skill level 1 in Maces & Flails
   369 | D:1      | Reached XP level 2. HP: 15/17 MP: 2/2
   655 | D:1      | Reached skill level 2 in Maces & Flails
   774 | D:1      | Reached XP level 3. HP: 21/21 MP: 3/3
  1136 | D:2      | Reached skill level 3 in Maces & Flails
  1136 | D:2      | Reached XP level 4. HP: 19/26 MP: 4/4
  1534 | D:2      | Reached skill level 4 in Maces & Flails
  2028 | D:3      | Reached XP level 5. HP: 30/30 MP: 5/5
  2874 | D:3      | Reached skill level 5 in Maces & Flails
  3067 | D:4      | Reached skill level 1 in Shields
  3149 | D:4      | Reached XP level 6. HP: 22/35 MP: 6/6
  3181 | D:4      | Reached skill level 2 in Shields
  3213 | D:4      | HP: 8/35 [orc/trident of piercing (1)]
  3605 | D:4      | HP: 8/35 [orc priest/divine providence (13)]
  3615 | D:4      | Noticed shakethe's ghost (amateur GrGl)
  4035 | D:4      | HP: 7/35 [hound (3)]
  4042 | D:4      | HP: 7/35 [leopard gecko (1)]
  4047 | D:4      | HP: 2/35 [leopard gecko (2)]
  4053 | D:4      | Slain by a hound

Skill      XL: |  1  2  3  4  5  6 |
---------------+-------------------+-----
Maces & Flails | 1 2 3 4 5 |  5.7
Shields        | 1 2 |  2.8
Fighting       | |  2.2
Bows           | |  4.0
Dodging        | |  1.6
Stealth        | |  1.2

Action                   |  1- 3 |  4- 6 || total
-------------------------+-------+-------++-------
Melee: Shortbow          |    24 |       ||    24
       Mace              |    92 |   236 ||   328
 Fire: Shortbow          |     8 |    63 ||    71
 Stab: Sleeping          |     1 |     1 ||     2
  Eat: Chunk             |       |     8 ||     8
       Ration            |       |     1 ||     1
Armor: Leather armour    |    64 |    55 ||   119
       Scale mail        |       |   108 ||   108
Dodge: Dodged            |   101 |   184 ||   285

Vault maps used:
D:1:      erik_arrival_orb_chamber, hangedman_decor_push
D:2:      kennysheep_generic_room_7
D:3:      guppyfry_early_orc_mine
D:4:      cheibrodos_pilgrimage, fedhas_altar_fruit_tree,
          gup_sewer_entry_spiral, first_ration, st_stairs_5

Table legend:
 A = Turns spent in this place as a percentage of turns spent in the entire game.
 B = Non-inter-level travel turns spent in this place as a percentage of non-inter-level travel turns spent in the entire game.
 C = Inter-level travel turns spent in this place as a percentage of turns spent in this place.
 D = Turns resting spent in this place as a percentage of non-inter-level travel turns spent in this place.
 E = Turns spent auto-exploring this place as a percentage of non-inter-level travel turns spent in this place.
 F = Non-inter-level travel turns spent in this place divided by the number of levels of this place that you've seen.
                   A       B       C       D       E      F
               +-------+-------+-------+-------+-------+----------------------
         Total | 100.0 | 100.0 |   0.0 |  22.6 |  39.4 | 1013.2
       Dungeon | 100.0 | 100.0 |   0.0 |  22.6 |  39.4 | 1013.2
               +-------+-------+-------+-------+-------+----------------------

Table legend:
 A = Kills in this place as a percentage of kills in entire the game.
 B = Kills by you in this place as a percentage of kills by you in the entire game.
 C = Kills by friends in this place as a percentage of kills by friends in the entire game.
 D = Other kills in this place as a percentage of other kills in the entire game.
 E = Experience gained in this place as a percentage of experience gained in the entire game.
 F = Experience gained in this place divided by the number of levels of this place that you have seen.
                   A       B       C       D       E      F
               +-------+-------+-------+-------+-------+----------------------
         Total | 100.0 | 100.0 |   N/A |   N/A | 100.0 | 129.0
       Dungeon | 100.0 | 100.0 |   N/A |   N/A | 100.0 | 129.0
               +-------+-------+-------+-------+-------+----------------------
